 Dungeon Sprint DCSS version 0.17-a0-1133-gfb1399f (webtiles) character file.

9 esc the Insei (level 2, -10/18 HPs)
             Began as an Octopode Transmuter on May 25, 2015.
             Splashed by an oklob sapling's acid (18 damage)
             ... in the Dungeon (Sprint IV: "Fedhas' Mad Dash").
             The game lasted 00:00:44 (133 turns).

esc the Insei (Octopode Transmuter)                  Turns: 133, Time: 00:00:44

Health: -10/18     AC:  1    Str:  9    XL:     2   Next: 16%
Magic:  2/5        EV: 12    Int: 15    God:
Gold:   0          SH:  0    Dex: 12    Spells: 2 memorised, 2 levels left

rFire  . . .     SeeInvis .       - Unarmed
rCold  . . .     Clarity  .     (no shield)
rNeg   . . .     SustAt   .     (helmet restricted)
rPois  .         Gourm    .     (no amulet)
rElec  .         Spirit   .     (no ring)
rCorr  .         Warding  .     (no ring)
rMut   .         NoTele   +     (no ring)
MR     .....                    (no ring)
Stlth  ++........               (no ring)
                                (no ring)
                                (no ring)
                                (no ring)

@: appendage, not resistant to hostile enchantments, unstealthy
A: almost no armour, amphibious, 8 rings, constrict 8, tentacle spike 3,
camouflage 1, gelatinous body 1
a: End Transformation


You were in the Dungeon.
You were not hungry.
One of your tentacles had a temporary spike.
You visited 1 branch

Inventory:

Missiles
 a - 11 arrows
Scrolls
 i - a scroll of blinking {!r}
Potions
 d - a potion of curing
 e - a potion of heal wounds
 f - a potion of haste
 g - 2 potions of magic
 h - a potion of berserk rage {!q}
 j - a potion of agility {unknown}
Books
 b - a book of Changes
Comestibles
 c - a bread ration {@e1}


   Skills:
 - Level 1.0 Fighting
 - Level 2.0 Dodging
 + Level 4.2 Unarmed Combat
 - Level 2.0 Spellcasting
 + Level 3.4 Transmutations


You had 2 spell levels left.
You knew the following spells:

 Your Spells              Type           Power        Failure   Level  Hunger
a - Beastly Appendage     Trmt           ##....       8%          1    #......
s - Sticks to Snakes      Trmt           ##........   12%         2    ###....


Dungeon Overview and Level Annotations

Branches:
Dungeon (1/1)

Altars:

Annotations:
D exclusion: oklob sapling


Innate Abilities, Weirdness & Mutations

You cannot wear most types of armour.
You are amphibious.
You can wear up to eight rings at the same time.
You can use your tentacles to constrict eight enemies at once.
Your skin changes colour to match your surroundings (Stealth).
Your rubbery body absorbs attacks (AC +1).
One of your tentacles bears a large vicious spike.


Message History

Welcome, esc the Octopode Transmuter.
Found a staircase leading out of the dungeon.
You open the door.
A rat and a river rat come into view.
One of your tentacles grows a vicious spike.
You now have 2/3 mp.
Your transformation is almost over.
You tentacle-slap the river rat. You grab the river rat.
You constrict the river rat. The river rat bites you.
You take 5 damage, and have 8/13 hp.
MASSIVE DAMAGE!!
You barely miss the river rat.
You constrict the river rat, but do no damage.
The river rat barely misses you.
You tentacle-slap the river rat but do no damage.
You squeeze the river rat, but do no damage.
You constrict the river rat, but do no damage.
The river rat closely misses you.
You tentacle-slap the river rat. You constrict the river rat.
You kill the river rat!
Your Unarmed Combat skill increases to level 4!
Your Transmutations skill increases to level 3!
You have reached level 2!
You regained 3 hp, and now have 11/18 hp.
You barely miss the rat. You grab the rat.
Your tentacle spike misses the rat.
You squeeze the rat.
You constrict the rat, but do no damage.
You tentacle-slap the rat.
You kill the rat!
No target in view!
No target in view!
There is an open door, spattered with blood here.
You see here a river rat corpse.
You butcher the river rat corpse.
There is an open door, spattered with blood here.
You see here an inedible chunk of flesh {@w0}.
Your tentacle spike disappears.
j - an amethyst potion Memorise Sticks to Snakes, consuming 2 spell levels and leaving 2?
You start memorising the spell.
You continue memorising.
You continue memorising.
You finish memorising.
Spell assigned to 's'.
You start resting.
Health restored: 18; MP restored: 5 As you open the door, it creaks loudly!
An oklob sapling comes into view.
The oklob sapling spits acid at you. The splash of acid misses you.
As you close the door, it creaks loudly!
Okay, then.
Unknown command.
Wield which item (- for none, * to show all)? (? for menu, Esc to quit)
a - 12 arrows (in tentacle)
You create a snake!
You now have 3/5 mp.
Wield which item (- for none, * to show all)? (? for menu, Esc to quit)
You are now empty-tentacled.
Casting: Sticks to Snakes Your tentacles feel slithery!
Casting: Sticks to Snakes One of your tentacles grows a vicious spike.
You now have 2/5 mp.
You open the door. The oklob sapling spits acid at you.
The splash of acid hits you!
Ouch! That really hurt!
The acid burns!
Ouch! That really hurt!
You die...

############ #####
#<..P#.....#.$$$$#
#PP..%...S@'.#
#PPPP#.....#P#
############ #


You could see an oklob sapling and a friendly adder.

Vanquished Creatures
  A river rat (D)
  A rat (D)
2 creatures vanquished.

Notes
Turn   | Place    | Note
--------------------------------------------------------------
     0 | D        | esc the Octopode Transmuter began the quest for the Orb.
     0 | D        | Reached XP level 1. HP: 13/13 MP: 3/3
    11 | D        | Reached skill level 4 in Unarmed Combat
    11 | D        | Reached skill level 3 in Transmutations
    11 | D        | Reached XP level 2. HP: 11/18 MP: 3/5
    23 | D        | Learned a level 2 spell: Sticks to Snakes
   127 | D        | Noticed an oklob sapling
   133 | D        | Splashed by an oklob sapling's acid

Vault maps used:
D:        dungeon_sprint_fedhas

Action                   || total
-------------------------++-------
Melee: Unarmed           ||     6
 Cast: Beastly Appendage ||     2
       Sticks to Snakes  ||     1

Vault maps used:
D:        dungeon_sprint_fedhas

Table legend:
 A = Turns spent in this place as a percentage of turns spent in the entire game.
 B = Non-inter-level travel turns spent in this place as a percentage of non-inter-level travel turns spent in the entire game.
 C = Inter-level travel turns spent in this place as a percentage of turns spent in this place.
 D = Turns resting spent in this place as a percentage of non-inter-level travel turns spent in this place.
 E = Turns spent auto-exploring this place as a percentage of non-inter-level travel turns spent in this place.
 F = Non-inter-level travel turns spent in this place divided by the number of levels of this place that you've seen.
                   A       B       C       D       E      F
               +-------+-------+-------+-------+-------+----------------------
         Total | 100.0 | 100.0 |   0.0 |   5.7 |   0.0 |  35.0
       Dungeon | 100.0 | 100.0 |   0.0 |   5.7 |   0.0 |  35.0
               +-------+-------+-------+-------+-------+----------------------

Table legend:
 A = Kills in this place as a percentage of kills in entire the game.
 B = Kills by you in this place as a percentage of kills by you in the entire game.
 C = Kills by friends in this place as a percentage of kills by friends in the entire game.
 D = Other kills in this place as a percentage of other kills in the entire game.
 E = Experience gained in this place as a percentage of experience gained in the entire game.
 F = Experience gained in this place divided by the number of levels of this place that you have seen.
                   A       B       C       D       E      F
               +-------+-------+-------+-------+-------+----------------------
         Total | 100.0 | 100.0 |  -nan |  -nan | 100.0 |  14.0
       Dungeon | 100.0 | 100.0 |  -nan |  -nan | 100.0 |  14.0
               +-------+-------+-------+-------+-------+----------------------
